Match 42510504
Unlisted

Match 42510504
End
Engineer Squad
Construct Barracks
Selects Armored Battlegroup
Selects Veteran Crews
Riflemen Squad
1⁄4-ton 4x4 Truck
Riflemen Squad
Grenade Package
M1 Mortar Team
Selects Field Repairs
Construct Medical Station
Infantry Support Center
Construct Motor Pool
M8 Greyhound Armored Car
Engineer Squad
Engineer Squad
M8 Greyhound Armored Car
Selects Fast Deploy
M1 Anti-tank Gun Team
M1 Anti-tank Gun Team
Construct Tank Depot
M4A1 Sherman Medium Tank
Selects Seek and Destroy
Selects UNKNOWN (2160077)
M4A3E8 Sherman Easy Eight
Selects War Machine
M18 Hellcat Tank Destroyer
M1 Anti-tank Gun Team
M1918 Browning Automatic Rifles
سَۨفُـيٰانۨوٰس
PotatoScav
0
0

Comments sign in to comment!

No comments posted yet!